 Dungeon Sprint DCSS version 0.29-a0-194-g6e3aafee17 (webtiles) character file.

Game seed: 7047460798076662879

63206 Zeldest the Brawler (level 15, 0/97 HPs)
             Began as a Vine Stalker Transmuter on Feb 22, 2022.
             Was the Champion of Cheibriados.
             Killed from afar by an ironbound thunderhulk (10 damage)
             ... with a bolt of lightning
             ... in the Dungeon (Sprint IX: "|||||||||||||||||||||||||||||").
             The game lasted 00:17:34 (1863 turns).

Zeldest the Brawler (Vine Stalker Transmuter)       Turns: 1863, Time: 00:17:35

Health: 0/97       AC: 24    Str: 35    XL:     15   Next: 8%
Magic:  0/27       EV: 24    Int: 30    God:    Cheibriados [******]
Gold:   1833       SH:  0    Dex: 30    Spells: 15/18 levels left

rFire   . . .      SeeInvis +     - Unarmed
rCold   . . .      Faith    .   (no shield)
rNeg    . . .      Spirit   +   w - +0 storm dragon scales
rPois   +          Reflect  .   i - +0 helmet
rElec   +          Harm     .   h - +0 cloak
rCorr   .          Rampage  .   v - +1 pair of gloves
Will    +....      NoTele   +   u - +1 pair of boots
Stlth   ..........              (no amulet)
HPRegen 1.06/turn               k - +2 ring of evasion
MPRegen 0.20/turn               c - ring of see invisible

@: marked, wereblooded (expiring), very slow
A: fangs 3, regeneration 1, magic shield, antimagic bite, no potion heal 2,
clever 1, poison resistance
a: Renounce Religion, Bend Time, Temporal Distortion, Slouch, Step From Time


You were in the Dungeon.
You worshipped Cheibriados.
Cheibriados was exalted by your worship.
You visited 1 branch You collected 1913 gold pieces.
You spent 80 gold pieces at shops.

Inventory:

Armour
 a - a +0 robe
 h - a +0 cloak (worn)
 i - a +0 helmet (worn)
 j - a +1 scale mail
 s - a +0 pair of boots
 t - a +1 plate armour of cold resistance
 u - a +1 pair of boots (worn)
 v - a +1 pair of gloves (worn)
 w - +0 storm dragon scales (worn)
Jewellery
 c - a ring of see invisible (right hand)
 d - a ring of willpower
 k - a +2 ring of evasion (left hand)
 l - a +3 ring of strength
 o - a ring of poison resistance
Wands
 g - a wand of iceblast (2)
Scrolls
 e - 2 scrolls of amnesia
 n - a scroll of immolation
 p - a scroll of fog
 q - 6 scrolls of enchant armour
 r - a scroll of fear
 y - a scroll of identify
Potions
 b - 5 potions of curing
 m - 2 potions of mutation
 x - a potion of berserk rage


   Skills:
 + Level 19.1 Fighting
 + Level 12.9 Armour
 + Level 13.1 Dodging
 + Level 20.7 Unarmed Combat
 - Level 2.1 Spellcasting
 - Level 18.2 Transmutations
 + Level 15.1 Invocations


You had 15 spell levels left.
You knew the following spells:

 Your Spells              Type           Power      Damage    Failure   Level
a - Beastly Appendage     Tmut           100%       N/A       0%          1
b - Wereblood             Tmut           85%        N/A       1%          2

Your spell library contained the following spells:

 Spells                   Type           Power      Damage    Failure   Level
 Spider Form              Tmut/Pois      55%        N/A       1%          3
 Ice Form                 Ice/Tmut       55%        N/A       5%          4


Dungeon Overview and Level Annotations

Branches:
Dungeon (1/1)

Altars:
Cheibriados
Dithmenos
Elyvilon
Fedhas
Gozag
Hepliaklqana
Kikubaaqudgha
Makhleb
Nemelex Xobeh
Okawaru
Qazlal
Ru
Sif Muna
Trog
Uskayaw
Vehumet
Wu Jian
Xom
Yredelemnul
Zin
The Shining One
Beogh
Jiyva
Lugonu

Shops:
D ?(*[


Innate Abilities, Weirdness & Mutations

You have razor-sharp teeth.
Your natural rate of healing is unusually fast.
When hurt, damage is shared between your health and your magic reserves.
Your bite disrupts and absorbs the magic of your enemies.
Potions cannot restore your health.
Your mind is acute. (Int +2)
Your system is resistant to poisons. (rPois)


Message History

The white draconian stormcaller mumbles some strange prayers to Qazlal against you.
The cutting wind hits you!!
* * * LOW HITPOINT WARNING * * *
Okay, then.
The white draconian stormcaller utters an invocation to Qazlal.
The white draconian stormcaller mumbles some strange prayers to Qazlal.
You barely miss the death drake. Your bite misses the death drake.
Strange energies crackle from the ironbound thunderhulk's apparatus.
The ironbound thunderhulk blinks!
You pummel the death drake!!
You bite the death drake, but do no damage.
The death drake is moderately wounded.
The death drake completely misses you.
You squash the death drake like an ant!!!
Your bite misses the death drake.
The death drake is almost dead.
You howl as the wereblood boils in your veins!
The death drake completely misses you.
You miss the death drake.
The death drake is almost dead.
Electricity crackles from the ironbound thunderhulk's apparatus.
The bolt of lightning misses you.
The death drake bites you but does no damage.
You punch the death drake!
You kill the death drake!
The death drake's corpse disappears in a puff of smoke!
Your primal bloodlust is almost over.
The white draconian stormcaller breathes frost at you.
The blast of cold hits you!!
* * * LOW HITPOINT WARNING * * *
Electricity crackles from the ironbound thunderhulk's apparatus.
The bolt of lightning hits you! You resist.
* * * LOW HITPOINT WARNING * * *
Okay, then.
Activating: Slouch (0% risk of failure)
Press: ? - help, Dir - look around, f - activate You can feel time thicken for a moment.
Electricity crackles from the ironbound thunderhulk's apparatus.
The bolt of lightning hits you! You resist.
You die...

.▓.▓)▓.▓.▓.▓†▓.▓.▓
.▓.▓)▓.▓)▓.▓)▓.▓)▓
.▓.▓)▓.▓)▓.▓)▓.▓O▓
.▓.▓)▓.▓)▓.▓.▓.▓m▓
.▓.▓)▓.▓)▓.▓.▓.▓p▓
.▓.▓)▓.▓)▓.▓.▓.▓L▓
.▓.▓)▓.▓)▓.▓.▓.▓[▓
†▓.▓)▓.▓)▓p▓.▓.▓q▓
†▓.▓)▓.▓)▓.▓.▓.▓@▓
.▓.▓.▓.▓.▓.▓.▓.▓§▓
.▓.▓.▓.▓[▓.▓.▓.▓.▓
.▓.▓.▓.▓[▓.♣†♣.▓.▓
.▓.▓.▓.▓[▓p♣.♣.▓.▓
.▓.▓)▓.▓)▓.♣)♣.▓(▓
.▓.▓)▓.▓†▓†♣†♣.▓.▓
.▓.▓)▓.▓.▓.♣†♣.▓.▓
.▓.▓)▓.▓[▓.♣.♣.▓)▓


You could see a white draconian stormcaller (catching breath), an ironbound
thunderhulk, a lich (fast, invisible), a merfolk impaler and an ironbound
convoker (catching breath).

Vanquished Creatures
  A tentacled monstrosity (D)
  2 Orb Guardians (D)
  A lich (D)
  3 sphinxes (D)
  Kirke (D)
  A vault warden (D)
  An orc warlord (D)
  2 very ugly things (D)
  3 stone giants (D)
  An entropy weaver (D)
  An ironbound thunderhulk (D)
  A dire elephant (D)
  A spark wasp (D)
  Snorg (D)
  3 ettins (D)
  A fire dragon (D)
  3 yaktaur captains (D)
  A boulder beetle (D)
  2 rakshasas (D)
  A salamander tyrant (D)
  2 ice dragons (D)
  4 hydras (D)
  A spriggan air mage (D)
  An alligator snapping turtle (D)
  A merfolk avatar (D)
  2 deep troll shamans (D)
  A centaur warrior (D)
  2 orc high priests (D)
  A deep troll earth mage (D)
  A hell knight (D)
  2 shock serpents (D)
  2 spriggans (D)
  Sonja (D)
  3 goliath frogs (D)
  A sea snake (D)
  A naga ritualist (D)
  A wizard (D)
  3 orc knights (D)
  4 lindwurms (D)
  2 ironbound convokers (D)
  A wolf spider (D)
  A deep elf pyromancer (D)
  5 manticores (D)
  A cyclops (D)
  2 ugly things (D)
  3 orc sorcerers (D)
  A will-o-the-wisp (D)
  2 moths of wrath (D)
  2 naga magi (D)
  5 vault sentinels (D)
  2 water nymphs (D)
  A torpor snail (D)
  3 black mambas (D)
  2 cane toads (D)
  An unseen horror (D)
  Psyche (D)
  A komodo dragon (D)
  A demonic crawler (D)
  A kobold demonologist (D)
  A tengu conjurer (D)
  A meliai (D)
  A hornet (D)
  5 tyrant leeches (D)
  A slime creature (D)
  A jumping spider (D)
  A culicivora (D)
  2 wraiths (D)
  A yak (D)
  2 hogs (D)
  A basilisk (D)
  A redback (D)
  A vampire mosquito (D)
  2 nagas (D)
  6 water moccasins (D)
  A floating eye (D)
  13 orc warriors (D)
  An ogre (D)
  4 wolves (D)
  2 bullfrogs (D)
  A killer bee (D)
  A wight (D)
  A howler monkey (D)
  A hound (D)
  4 orc priests (D)
  6 orc wizards (D)
  An ufetubus (D)
  An adder zombie (D)
  2 worms (D)
  2 dart slugs (D)
  9 orcs (D)
  A bat zombie (D)
  An endoplasm (D)
  A goblin (D)
  2 kobolds (D)
185 creatures vanquished.

Vanquished Creatures (others)
  A tengu reaver (D)
1 creature vanquished.

Grand Total: 186 creatures vanquished

Notes
Turn   | Place    | Note
-------+----------+-------------------------------------------
     0 | D        | Zeldest the Vine Stalker Transmuter began the quest for the
                  | Orb.
     0 | D        | Reached XP level 1. HP: 9/9 MP: 4/4
     5 | D        | Banished a spatial maelstrom
     7 | D        | Reached skill level 1 in Fighting
    15 | D        | Reached XP level 2. HP: 10/15 MP: 4/6
    23 | D        | Noticed an ogre
    23 | D        | Noticed a water moccasin
    25 | D        | Reached skill level 4 in Unarmed Combat
    28 | D        | Reached XP level 3. HP: 18/20 MP: 2/7
    32 | D        | Killed an ogre
    33 | D        | Reached skill level 5 in Fighting
    33 | D        | Reached skill level 6 in Unarmed Combat
    33 | D        | Reached skill level 5 in Transmutations
    33 | D        | Gained mutation: Your natural rate of healing is unusually
                  | fast. [Vine Stalker growth]
    33 | D        | Reached XP level 4. HP: 25/27 MP: 3/8
    33 | D        | Reached XP level 5. HP: 28/30 MP: 3/9
    34 | D        | Killed a water moccasin
    35 | D        | Reached skill level 7 in Unarmed Combat
    35 | D        | Reached XP level 6. HP: 22/37 MP: 5/10
    39 | D        | Found a snail-covered altar of Cheibriados.
    39 | D        | Found a shadowy altar of Dithmenos.
    39 | D        | Found a white marble altar of Elyvilon.
    39 | D        | Found a blossoming altar of Fedhas.
    39 | D        | Found an opulent altar of Gozag.
    40 | D        | Found a hazy altar of Hepliaklqana.
    41 | D        | Found a viscous altar of Jiyva.
    42 | D        | Found an ancient bone altar of Kikubaaqudgha.
    43 | D        | Became a worshipper of Cheibriados the Contemplative
    44 | D        | Found a corrupted altar of Lugonu.
    45 | D        | Found a burning altar of Makhleb.
    46 | D        | Found a sparkling altar of Nemelex Xobeh.
    47 | D        | Found an iron altar of Okawaru.
    48 | D        | Found a stormy altar of Qazlal.
    49 | D        | Found a sacrificial altar of Ru.
    50 | D        | Found a shimmering blue altar of Sif Muna.
    51 | D        | Found a bloodstained altar of Trog.
    52 | D        | Found a hide-covered altar of Uskayaw.
    53 | D        | Found a radiant altar of Vehumet.
    54 | D        | Found an ornate altar of the Wu Jian Council.
    55 | D        | Found a shimmering altar of Xom.
    56 | D        | Found a basalt altar of Yredelemnul.
    57 | D        | Found a glowing silver altar of Zin.
    58 | D        | Found a glowing golden altar of the Shining One.
   107 | D        | Learned a level 2 spell: Wereblood
   109 | D        | Noticed an orc warrior
   109 | D        | Noticed a kobold demonologist
   118 | D        | Reached * piety under Cheibriados
   125 | D        | Killed an orc warrior
   126 | D        | Reached skill level 8 in Unarmed Combat
   126 | D        | Noticed a ynoxinul
   137 | D        | Killed a kobold demonologist
   138 | D        | Reached skill level 9 in Unarmed Combat
   138 | D        | Reached XP level 7. HP: 32/44 MP: 5/11
   138 | D        | Reached ** piety under Cheibriados
   145 | D        | Noticed a manticore
   145 | D        | Noticed a wraith
   145 | D        | Noticed a wraith
   151 | D        | Killed a manticore
   152 | D        | Reached skill level 10 in Unarmed Combat
   152 | D        | Reached skill level 10 in Transmutations
   152 | D        | Gained mutation: You have razor-sharp teeth. [Vine Stalker
                  | growth]
   152 | D        | Reached XP level 8. HP: 29/49 MP: 3/12
   160 | D        | Killed a wraith
   160 | D        | Reached *** piety under Cheibriados
   161 | D        | Reached skill level 11 in Unarmed Combat
   165 | D        | Killed a wraith
   166 | D        | Reached skill level 10 in Fighting
   168 | D        | HP: 1/50 [something (2)]
   218 | D        | Killed an unseen horror
   218 | D        | Reached **** piety under Cheibriados
   221 | D        | Reached XP level 9. HP: 55/55 MP: 13/13
   336 | D        | Noticed a black mamba
   336 | D        | Noticed a komodo dragon
   340 | D        | Reached ***** piety under Cheibriados
   341 | D        | Reached skill level 12 in Unarmed Combat
   344 | D        | Killed a black mamba
   353 | D        | Killed a komodo dragon
   353 | D        | Reached ****** piety under Cheibriados
   357 | D        | Reached skill level 13 in Unarmed Combat
   383 | D        | Noticed a cane toad
   383 | D        | Noticed a cane toad
   385 | D        | Killed a cane toad
   388 | D        | Reached XP level 10. HP: 60/62 MP: 8/14
   391 | D        | Noticed a seven-headed hydra
   393 | D        | Killed a cane toad
   397 | D        | Reached skill level 14 in Unarmed Combat
   400 | D        | Killed a seven-headed hydra
   411 | D        | Noticed a lindwurm
   411 | D        | Noticed a lindwurm
   412 | D        | Killed a lindwurm
   425 | D        | Killed a lindwurm
   426 | D        | Reached skill level 15 in Unarmed Combat
   555 | D        | Reached skill level 1 in Invocations
   561 | D        | Reached skill level 1 in Armour
   561 | D        | Reached skill level 15 in Transmutations
   561 | D        | Reached XP level 11. HP: 61/69 MP: 15/15
   687 | D        | Found Ziosimif's Magic Scroll Emporium.
   687 | D        | Noticed an orc sorcerer
   687 | D        | Noticed an orc knight
   688 | D        | Noticed an orc high priest
   690 | D        | Killed an orc sorcerer
   695 | D        | Noticed an orc high priest
   697 | D        | Killed an orc knight
   698 | D        | Found Epralu's Antique Weapon Shoppe.
   714 | D        | Killed an orc high priest
   721 | D        | Killed an orc high priest
   724 | D        | Noticed an orc sorcerer
   732 | D        | Killed an orc sorcerer
   735 | D        | Found Kiblarph's General Store.
   739 | D        | Found Zuutzios's Antique Armour Shoppe.
   784 | D        | Noticed an orc knight
   785 | D        | Noticed an orc knight
   785 | D        | Noticed an orc sorcerer
   790 | D        | Killed an orc knight
   791 | D        | Reached skill level 5 in Invocations
   792 | D        | Noticed a sixfirhy
   798 | D        | Killed an orc knight
   799 | D        | Reached skill level 16 in Unarmed Combat
   799 | D        | HP: 3/68 [orc sorcerer/bolt of negative energy (5)]
   801 | D        | Paralysed by an orc sorcerer for 4 turns
   806 | D        | Killed an orc sorcerer
   807 | D        | Reached skill level 5 in Dodging
   822 | D        | Bought a potion of mutation for 80 gold pieces
   822 | D        | Gained mutation: Your system is resistant to poisons.
                  | (rPois) [potion of mutation]
   822 | D        | Gained mutation: Your mind is acute. (Int +2) [potion of
                  | mutation]
   864 | D        | Noticed Sonja
   868 | D        | Killed Sonja
  1000 | D        | Noticed a centaur warrior
  1000 | D        | Noticed a cyclops
  1004 | D        | Killed a centaur warrior
  1004 | D        | Noticed a deep elf pyromancer
  1005 | D        | Reached skill level 5 in Armour
  1012 | D        | Reached XP level 12. HP: 75/75 MP: 14/17
  1021 | D        | Noticed a stone giant
  1024 | D        | Noticed a spark wasp
  1028 | D        | Noticed an ettin
  1029 | D        | Reached skill level 15 in Fighting
  1029 | D        | Noticed a fire dragon
  1034 | D        | Killed a stone giant
  1034 | D        | Noticed a sphinx
  1037 | D        | Killed a spark wasp
  1038 | D        | Noticed a deep troll earth mage
  1039 | D        | HP: 1/77 [ettin/+0 dire flail (21)]
  1052 | D        | Killed an ettin
  1055 | D        | Killed a fire dragon
  1057 | D        | Killed a sphinx
  1059 | D        | Killed a deep troll earth mage
  1060 | D        | Reached skill level 17 in Unarmed Combat
  1129 | D        | Noticed Psyche
  1134 | D        | Killed Psyche
  1145 | D        | Noticed Kirke
  1165 | D        | Killed Kirke
  1208 | D        | Noticed a shock serpent
  1208 | D        | Noticed a salamander tyrant
  1215 | D        | Killed a shock serpent
  1215 | D        | Noticed a shock serpent
  1221 | D        | Killed a salamander tyrant
  1227 | D        | Reached XP level 13. HP: 27/81 MP: 9/20
  1298 | D        | Reached skill level 10 in Invocations
  1309 | D        | Reached skill level 18 in Unarmed Combat
  1425 | D        | Noticed an entropy weaver
  1442 | D        | Killed an entropy weaver
  1447 | D        | Reached skill level 10 in Dodging
  1526 | D        | Noticed Snorg
  1538 | D        | Killed Snorg
  1539 | D        | Reached skill level 10 in Armour
  1609 | D        | Noticed a stone giant
  1609 | D        | Noticed a tengu reaver
  1609 | D        | Noticed a rakshasa
  1609 | D        | Noticed an ettin
  1609 | D        | Noticed an ice dragon
  1610 | D        | Noticed a tentacled monstrosity
  1614 | D        | Killed a stone giant
  1620 | D        | Killed a tengu reaver
  1621 | D        | Reached XP level 14. HP: 42/89 MP: 8/23
  1629 | D        | Killed a tentacled monstrosity
  1630 | D        | Reached skill level 19 in Unarmed Combat
  1678 | D        | HP: 3/90 [spriggan air mage/the air (8)]
  1724 | D        | Noticed a cyan very ugly thing
  1724 | D        | Noticed a stone giant
  1725 | D        | Noticed a white very ugly thing
  1730 | D        | Killed a cyan very ugly thing
  1738 | D        | Killed a stone giant
  1741 | D        | Killed a white very ugly thing
  1752 | D        | Noticed a sphinx
  1752 | D        | Noticed a vault warden
  1758 | D        | Killed a sphinx
  1760 | D        | Killed a vault warden
  1766 | D        | Noticed a lich
  1766 | D        | Noticed an Orb Guardian
  1768 | D        | Killed a lich
  1770 | D        | Killed an Orb Guardian
  1771 | D        | Reached skill level 20 in Unarmed Combat
  1776 | D        | Noticed an orc warlord
  1785 | D        | Killed an orc warlord
  1787 | D        | Noticed an ironbound thunderhulk
  1796 | D        | Killed an ironbound thunderhulk
  1797 | D        | Noticed a dire elephant
  1798 | D        | Noticed an ironbound thunderhulk
  1799 | D        | Noticed a sphinx
  1804 | D        | Killed a dire elephant
  1832 | D        | Reached XP level 15. HP: 25/96 MP: 27/27
  1835 | D        | Killed a sphinx
  1836 | D        | Reached skill level 15 in Invocations
  1839 | D        | Noticed a curse toe
  1839 | D        | Noticed a nagaraja
  1852 | D        | Noticed an Orb Guardian
  1853 | D        | Noticed a white draconian stormcaller
  1853 | D        | Noticed a lich
  1855 | D        | Killed an Orb Guardian
  1863 | D        | Killed from afar by an ironbound thunderhulk

Illustrated notes

Levels and vault maps discovered:
D:        linesprint [early_d, line_temple, items_1, d_10, items_2, lair_1,
          lair_end, items_3, orc_1, orc_end, items_4, d_15, swamp_1, shoals_1,
          snake_1, spider_1, d_20, vaults_1, items_5, swamp_end, shoals_end,
          snake_end, spider_end, vaults_end, d_27, items_6, zot_1, zot_end,
          crypt_end, forest_end, elf_end, slime_end, tomb_end, abyss_end,
          pan_hell_end]

Skill      XL: |  1  2  3  4  5  6  7  8  9 10 11 12 13 14 15 |
---------------+----------------------------------------------+-----
Fighting       | 2 3 5 6 8 9 10 12 13 14 15 17 18 19 | 19.1
Transmutations | 3 4 5 7 9 10 11 13 15 16 17 18 | 18.2
Unarmed Combat | 4 6 7 9 10 11 13 15 16 17 18 20 | 20.7
Invocations    | 1 6 9 11 14 15 | 15.1
Dodging        | 2 5 8 10 12 13 | 13.1
Armour         | 1 5 7 10 12 | 12.9
Spellcasting   | |  2.1

Action                   |  1- 3 |  4- 6 |  7- 9 | 10-12 | 13-15 || total
-------------------------+-------+-------+-------+-------+-------++-------
Melee: Unarmed           |    15 |    27 |    52 |   192 |   238 ||   524
       Kick              |     4 |    10 |    21 |    42 |    34 ||   111
       Bite              |     2 |     8 |    16 |    55 |   108 ||   189
       Headbutt          |     2 |     4 |    12 |    32 |    19 ||    69
       Punch             |       |     2 |     6 |    20 |    45 ||    73
 Cast: Beastly Appendage |     2 |     1 |     4 |     5 |     2 ||    14
       Wereblood         |       |     1 |     4 |     8 |     8 ||    21
Invok: Slouch            |       |       |       |       |     6 ||     6
       Temporal Distorti |       |       |       |       |     2 ||     2
       Step From Time    |       |       |       |       |     2 ||     2
Evoke: Wand              |       |       |     2 |     6 |       ||     8
  Use: Potion            |     2 |       |     2 |     5 |     2 ||    11
       Scroll            |       |       |     1 |     3 |     2 ||     6
 Stab: Invisible         |       |       |       |     5 |       ||     5
Armor: Robe              |     2 |       |       |       |       ||     2
       Scale mail        |       |     3 |    18 |    10 |       ||    31
       Plate armour      |       |       |       |    16 |       ||    16
       Storm dragon scal |       |       |       |    24 |    79 ||   103
Dodge: Dodged            |     3 |    15 |    20 |    95 |   196 ||   329

Table legend: (Time is in decaauts)
 A = Elapsed time spent in this place.
 B = Non-inter-level travel time spent in this place.
 C = Inter-level travel time spent in this place.
 D = Time resting spent in this place.
 E = Time spent auto-exploring this place.
 F = Levels seen in this place.
 G = Mean time per level.
                   A        B        C        D        E       F      G
               +--------+--------+--------+--------+--------+-----+--------+
         Total |   2696 |   2694 |      2 |      0 |      0 |   1 | 2696.0 |
       Dungeon |   2696 |   2694 |      2 |      0 |      0 |   1 | 2696.0 |
               +--------+--------+--------+--------+--------+-----+--------+

Top non-repeatable levels by time:
       D: 2696 daAuts
